 Dungeon Crawl Stone Soup version 0.30.1-11-g7821555f0a (webtiles) character file.

Game seed: 6493569824096564494

4735 Glitchless the Basher (level 10, -1/64 HPs)
             Began as a Gargoyle Berserker on Dec 8, 2023.
             Was a High Priest of Trog.
             Slain by a troll (3 damage)
             ... on level 9 of the Dungeon.
             The game lasted 00:27:17 (7464 turns).

Glitchless the Basher (Gargoyle Berserker)          Turns: 7464, Time: 00:27:17

Health: -1/64      AC: 15    Str: 25    XL:     10   Next: 46%
Magic:  10/10      EV: 12    Int:  8    God:    Trog [*****.]
Gold:   456        SH:  3    Dex:  9    Spells: 9/9 levels left

rFire   . . .        d - +1 mace (holy)
rCold   . . .        I - +0 buckler
rNeg    + + .        o - +0 leather armour
rPois   ∞            J - +2 helmet
rElec   +            (no cloak)
rCorr   +            y - +0 pair of gloves
SInv    .            (no boots)
Will    .....        m - amulet of regeneration
Stlth   +            H - ring of positive energy
HPRegen 1.10/turn    a - ring of resist corrosion
MPRegen 0.12/turn

%: no passive effects
@: studying Short Blades
A: sickness immunity, AC +7, negative energy resistance 1, electricity
resistance, torment resistance 1, petrification resistance
a: Renounce Religion, Berserk, Trog's Hand, Brothers in Arms


You were on level 9 of the Dungeon.
You worshipped Trog.
Trog was extremely pleased with you.
You visited 1 branch of the dungeon, and saw 9 of its levels.
You also visited: Sewer and Ossuary.

You collected 456 gold pieces.

Inventory:

Hand Weapons
 d - a +1 mace of holy wrath (weapon)
 x - a +2 hand axe
Missiles
 b - 45 poisoned darts
 p - a throwing net (quivered)
 s - 2 curare-tipped darts
Armour
 o - a +0 leather armour (worn)
 y - a +0 pair of gloves (worn)
 B - the +1 plate armour of Monotheism {Str+3 SInv}
   (You took it off a kobold on level 6 of the Dungeon)

   Str:       It affects your strength (+3).
   SInv:      It lets you see invisible.
 I - a +0 buckler (worn)
 J - a +2 helmet (worn)
Jewellery
 a - a ring of resist corrosion (right hand)
 m - an amulet of regeneration (around neck)
 n - a +4 ring of protection
 H - a ring of positive energy (left hand)
Wands
 c - a wand of light (15)
 r - a wand of paralysis (5)
Scrolls
 e - 2 scrolls of noise {unknown}
 f - a scroll of teleportation
 h - 3 scrolls of fog
 j - a scroll of butterflies {unknown}
 w - a scroll of brand weapon {unknown}
 E - 2 scrolls of poison {unknown}
 G - a scroll of magic mapping {unknown}
Potions
 g - 2 potions of resistance
 i - 4 potions of flight {unknown}
 k - 5 potions of invisibility
 q - 3 potions of mutation {unknown}
 t - a potion of cancellation {unknown}
 u - 4 potions of heal wounds
 v - 4 potions of haste
 z - 10 potions of curing
 A - a potion of might {unknown}
 C - a potion of degeneration {unknown}


   Skills:
 * Level 7.6 Fighting
 * Level 10.7 Maces & Flails
 * Level 2.5 Throwing
 * Level 5.7 Armour
 * Level 6.0 Dodging
 + Level 0.2 Shields


You had 9 spell levels left.
You didn't know any spells.
Your spell library contained the following spells:

 Spells                   Type           Power      Damage    Failure   Level
 Apportation              Tloc           0%         N/A       52%         1
 Blink                    Tloc           0%         N/A       65%         2
 Lesser Beckoning         Tloc           0%         N/A       65%         2
 Momentum Strike          Conj/Tloc      0%         3d8       65%         2
 Call Canine Familiar     Summ           0%         N/A       87%         3
 Portal Projectile        Hex/Tloc       0%         N/A       87%         3
 Stone Arrow              Conj/Erth      0%         3d7       87%         3
 Animate Armour           Summ/Erth      0%         N/A       99%         4
 Leda's Liquefaction      Hex/Erth       0%         N/A       99%         4
 Alistair's Intoxication  Tmut/Pois      0%         N/A       100%        5
 Lehudib's Crystal Spear  Conj/Erth      0%         10d2      100%        8


Dungeon Overview and Level Annotations

Branches:
Dungeon (9/15)             Temple (0/1) D:7           Sewer (visited)
Ossuary (visited)
   Lair: D:8-11         Orc: D:9-12

Altars:
Dithmenos
Elyvilon
Fedhas
Kikubaaqudgha
Qazlal
Sif Muna
Trog
Uskayaw
Vehumet
Yredelemnul
The Shining One

Shops:
D:4 (


Innate Abilities, Weirdness & Mutations

You are immune to sickness and miasma.
Your stone body is resilient. (AC +7)
You are immune to poison.
You resist negative energy. (rN+)
You are resistant to electric shocks. (rElec)
You are resistant to unholy torment.
You are immune to petrification.


Message History

There is a stone staircase leading up here.
You sock the hornet!
The hornet is moderately wounded.
The hornet stings you. The troll misses you.
The troll claws you but does no damage. The troll claws you!
You hit the hornet.
The hornet is heavily wounded.
The hornet misses you. The troll bites you!
The troll claws you but does no damage. The troll closely misses you.
You closely miss the hornet.
The hornet is heavily wounded.
The hornet barely misses you. The hornet stings you.
The troll barely misses you. The troll claws you.
The troll claws you but does no damage.
You hit the hornet but do no damage.
The hornet is heavily wounded.
The hornet completely misses you.
You hit the troll but do no damage.
The hornet stings you but does no damage.
The troll closely misses you. The troll misses you.
The troll claws you but does no damage.
You sock the troll!
The troll is moderately wounded.
The hornet closely misses you. The troll bites you. The troll claws you!
* * * LOW HITPOINT WARNING * * *
The troll claws you but does no damage.
The hornet stings you but does no damage.
You hit the troll.
The troll is moderately wounded.
The troll bites you but does no damage.
The troll claws you but does no damage. x2
The hornet closely misses you.
You hit the troll.
The troll is moderately wounded.
The hornet misses you. The troll bites you!
* * * LOW HITPOINT WARNING * * *
The troll claws you but does no damage. The troll closely misses you.
The hornet stings you!
* * * LOW HITPOINT WARNING * * *
The troll bites you.
You die...

#.......#
#.......#
#.......#
......#.......#
#.....##......#
##.....##......#
........#......#
........#....))#
...$....#....[@#
........#....yT#
........'......#
........#......#
##.....##......#
#..... #......#
....... #......#
....../#.......#
.......#.......#


You could see a troll and a hornet.

Vanquished Creatures
  Sigmund (D:2)
  Eustachio (D:5)
  Menkaure (D:6)
  2 steam dragons (D:8)
  An acid dragon (D:8)
  3 water moccasins
  The ghost of Barill the Trooper, an amateur OgWn (D:3)
  An ice beast (D:7)
  3 ogres
  4 sky beasts
  A black bear (D:6)
  5 centaurs
  4 kobold brigands
  2 bullfrogs
  A scorpion (D:5)
  2 water moccasin zombies (Ossuary)
  5 wights (D:8)
  5 killer bees
  A howler monkey (D:8)
  5 hounds
  A sleepcap (D:5)
  A gnoll bouda (D:9)
  4 jellies
  5 orc priests
  2 iguanas
  Jessica (D:2)
  Terence (D:2)
  6 orc wizards
  A scorpion zombie (D:5)
  A hound zombie (D:5)
  2 mummies (Ossuary)
  13 gnolls
  7 adders
  A river rat (D:3)
  A shadow imp (D:5)
  A white imp (D:6)
  An ufetubus (D:5)
  3 adder zombies (Ossuary)
  A worm (D:2)
  3 dart slugs
  26 orcs
  9 endoplasms
  6 giant cockroaches
  3 gnoll zombies (Ossuary)
  5 goblins
  11 hobgoblins
  13 jackals
  A quokka (D:1)
  10 ball pythons
  8 bats
  4 frilled lizards
  28 kobolds
  4 kobold zombies (Ossuary)
  5 orc zombies (Ossuary)
  13 rats
251 creatures vanquished.

Notes
Turn   | Place    | Note
-------+----------+-------------------------------------------
     0 | D:1      | Glitchless the Gargoyle Berserker began the quest for the
                  | Orb.
     0 | D:1      | Reached XP level 1. HP: 14/14 MP: 1/1
   151 | D:1      | Reached XP level 2. HP: 9/19 MP: 2/2
   703 | D:1      | Reached ** piety under Trog
   704 | D:1      | Reached XP level 3. HP: 23/23 MP: 3/3
  1030 | D:2      | Reached XP level 4. HP: 28/29 MP: 4/4
  1091 | D:2      | Noticed Jessica
  1127 | D:2      | Reached skill level 4 in Maces & Flails
  1135 | D:2      | Killed Jessica
  1136 | D:2      | Reached XP level 5. HP: 15/33 MP: 5/5
  1299 | D:2      | Found a white marble altar of Elyvilon.
  1432 | D:2      | Noticed Sigmund
  1469 | D:2      | Killed Sigmund
  1470 | D:2      | Reached XP level 6. HP: 39/39 MP: 6/6
  1684 | D:2      | Noticed Terence
  1692 | D:2      | Killed Terence
  1693 | D:2      | Reached skill level 5 in Maces & Flails
  1863 | D:3      | Found a runed translucent door.
  1863 | D:3      | Noticed Barill's ghost (amateur OgWn)
  1969 | D:3      | Reached *** piety under Trog
  1984 | D:3      | Found a hide-covered altar of Uskayaw.
  2061 | D:3      | Found a glowing drain.
  2093 | Sewer    | Entered a sewer
  2178 | Sewer    | Reached XP level 7. HP: 44/44 MP: 7/7
  2589 | D:3      | Killed Barill's ghost
  2590 | D:3      | Reached skill level 5 in Fighting
  2590 | D:3      | Reached skill level 6 in Maces & Flails
  2623 | D:4      | Identified the +3 dagger of Kaczor {freeze, Int+3}
  2699 | D:4      | Reached **** piety under Trog
  2821 | D:4      | Reached XP level 8. HP: 46/49 MP: 8/8
  3431 | D:4      | Found Plog's Weapon Emporium.
  3534 | D:5      | Entered Level 5 of the Dungeon
  3594 | D:5      | Reached skill level 7 in Maces & Flails
  3672 | D:5      | Found a sand-covered staircase.
  3688 | Ossuary  | Entered an ossuary
  3964 | D:5      | Found a basalt altar of Yredelemnul.
  4470 | D:5      | Noticed Eustachio
  4484 | D:5      | Reached skill level 8 in Maces & Flails
  4575 | D:5      | Killed Eustachio
  4576 | D:5      | Reached XP level 9. HP: 51/55 MP: 9/9
  4784 | D:6      | Noticed Menkaure
  4864 | D:6      | Killed Menkaure
  4865 | D:6      | Reached skill level 5 in Dodging
  5003 | D:6      | Reached skill level 1 in Throwing
  5003 | D:6      | Reached skill level 5 in Armour
  5034 | D:6      | Reached skill level 9 in Maces & Flails
  5036 | D:6      | Identified the +1 plate armour of Monotheism {Str+3 SInv}
  5056 | D:6      | Reached ***** piety under Trog
  5656 | D:7      | Found a staircase to the Ecumenical Temple.
  6001 | D:7      | Found a shimmering blue altar of Sif Muna.
  6001 | D:7      | Found a bloodstained altar of Trog.
  6008 | D:7      | Found a shadowy altar of Dithmenos.
  6020 | D:7      | Reached XP level 10. HP: 63/63 MP: 10/10
  6021 | D:7      | Found a stormy altar of Qazlal.
  6023 | D:7      | Found a faded altar of an unknown god.
  6210 | D:7      | Found an ancient bone altar of Kikubaaqudgha.
  6343 | D:8      | Reached skill level 10 in Maces & Flails
  6390 | D:8      | Found the +3 giant club "Skullcrusher" {speed, Str+7}
  6474 | D:8      | Found a glowing golden altar of the Shining One.
  6475 | D:8      | Found a radiant altar of Vehumet.
  7011 | D:8      | Found a blossoming altar of Fedhas.
  7407 | D:8      | Received a gift from Trog
  7464 | D:9      | HP: 2/64 [hornet (10)]
  7464 | D:9      | Slain by a troll

Illustrated notes

Levels and vault maps discovered:
D:1:      onia_arrival_pentagram, layout_basic, chequers_serial_rivers_micro_b
D:2:      layout_rooms, basic_altar, uniq_jessica, uniq_terence, uniq_sigmund
D:3:      layout_rooms, mainiacjoe_overflow_surrounded_room,
          portal_sewer_entry_b, hellmonk_ghost_happy_afterlife
D:4:      layout_basic, serial_shops, nicolae_shop_bloodbath_and_beyond
D:5:      layout_basic, lemuel_zombie_altar_yredelemnul,
          nicolae_ossuary_entry_monument, palyth_stone_intersect, uniq_eustachio
D:6:      layout_cave_pools, grunt_decor_junction, uniq_menkaure
D:7:      layout_loops_ring, mainiacjoe_overflow_alcove_4,
          chequers_temple_overflow_minitemple, minmay_temple_entry_purple_smoke
D:8:      cheibrodos_steamvent, layout_cave_pods,
          mainiacjoe_overflow_divided_tiny, amcnicky_altar_gilded
D:9:      layout_gridville, erik_lair_dragon, erik_orc_3, enter_bailey_8

Skill      XL: |  1  2  3  4  5  6  7  8  9 10 |
---------------+-------------------------------+-----
Dodging        | 2 3 4 5 6 |  6.0
Fighting       | 4 5 6 7 |  7.6
Maces & Flails | 4 5 6 8 9 10 | 10.7
Armour         | 3 4 5 |  5.7
Throwing       | 2 |  2.5
Shields        | |  0.2

Action                     |  1- 3 |  4- 6 |  7- 9 | 10-12 || total
---------------------------+-------+-------+-------+-------++-------
  Melee: Mace              |   116 |   175 |   600 |   197 ||  1088
         Punch             |     1 |     1 |    11 |       ||    13
 Invoke: Berserk           |       |     1 |     2 |     1 ||     4
         Trog's Hand       |       |       |       |     1 ||     1
    Use: Scroll            |     1 |     3 |     7 |       ||    11
         Potion            |       |       |     2 |     1 ||     3
 Armour: Animal skin       |    56 |    14 |       |       ||    70
         Leather armour    |       |    55 |   316 |   177 ||   548
  Dodge: Dodged            |   140 |   131 |   400 |   228 ||   899
  Block: Buckler           |       |       |       |    30 ||    30
